 Dungeon Crawl Stone Soup version 0.31-a0-473-g61b50ae490 (webtiles) character file.

Game seed: 1991194380824284151

1084 MisterAzrael the Chopper (level 8, -9/70 HPs)
             Began as a Hill Orc Fighter on Aug 7, 2023.
             Mangled by an orc warrior
             ... wielding a +0 glaive
              (10 damage)
             ... on level 5 of the Dungeon.
             The game lasted 00:06:16 (4234 turns).

MisterAzrael the Chopper (Hill Orc Fighter)         Turns: 4234, Time: 00:06:16

Health: -9/70      AC: 11    Str: 20 (21) XL:     8   Next: 30%
Magic:  8/8        EV: 10    Int:  6 (8)  God:
Gold:   258        SH:  0    Dex: 18 (19) Spells: 7/7 levels left

rFire   . . .        i - +0 battleaxe (heavy)
rCold   . . .        (shield currently unavailable)
rNeg    . . .        x - +5 ring mail of Theory {+Blink Dex+9 Slay-2}
rPois   .            (no helmet)
rElec   .            (no cloak)
rCorr   .            (no gloves)
SInv    .            (no boots)
Will    .....        (no amulet)
Stlth   +            (no ring)
HPRegen 0.31/turn    (no ring)
MPRegen 0.11/turn

%: no passive effects
@: no status effects
A: MP-powered wands
a: Evoke Blink


You were on level 5 of the Dungeon.
You visited 1 branch of the dungeon, and saw 5 of its levels.

You collected 258 gold pieces.

Inventory:

Hand Weapons
 a - a +0 war axe
 g - a +2 falchion of draining
 i - a +0 heavy battleaxe (weapon)
 o - a +3 quarterstaff of chaos
Missiles
 e - 9 boomerangs
 m - 9 poisoned darts (quivered)
Armour
 b - a +0 scale mail
 c - a +0 buckler
 x - the +5 ring mail of Theory (worn) {+Blink Dex+9 Slay-2}
   (You found it on level 4 of the Dungeon)

   Dex:       It affects your dexterity (+9).
   Slay:      It affects your accuracy & damage with ranged weapons and melee
   (-2).
   +Blink:    It lets you blink.
 F - a +0 plate armour
Magical Staves
 t - the staff "Enugiduch" {rPois Int+3 Poison}
   (You found it on level 3 of the Dungeon)

   [staff of poison]

   Base accuracy: +5 Base damage: 5 Base attack delay: 1.2 This weapon's minimum
   attack delay (0.6) is reached at skill level 12.
   Int:       It affects your intelligence (+3).
   rPois:     It protects you from poison.
   Poison:    It increases the power of your Poison spells.
   It falls into the 'Staves' category.
   It is a one-handed weapon.
Jewellery
 k - a ring of wizardry
 q - a ring of wizardry
Talismans
 A - a talisman of death
Scrolls
 j - 6 scrolls of identify
 l - 2 scrolls of noise
 p - a scroll of amnesia
 v - 3 scrolls of teleportation {unknown}
 w - a scroll of fear {unknown}
 y - a scroll of summoning {unknown}
 B - 2 scrolls of enchant weapon {unknown}
 C - a scroll of blinking {unknown}
 D - a scroll of acquirement {unknown}
Potions
 d - a potion of might
 f - a potion of mutation
 h - a potion of curing {unknown}
 s - a potion of magic {unknown}
 u - a potion of degeneration
 z - 3 potions of haste {unknown}
 E - a potion of ambrosia {unknown}


   Skills:
 + Level 5.8 Fighting
 * Level 7.3 Axes
 * Level 3.3 Throwing
 + Level 5.2 Armour
 + Level 5.2 Shields
 + Level 1.6 Evocations


You had 7 spell levels left.
You didn't know any spells.
Your spell library contained the following spells:

 Spells                   Type           Power      Damage    Failure   Level
 Lesser Beckoning         Tloc           0%         N/A       77%         2
 Call Canine Familiar     Summ           0%         N/A       94%         3
 Gell's Gravitas          Tloc           0%         N/A       94%         3
 Inner Flame              Hex/Fire       0%         N/A       94%         3
 Portal Projectile        Hex/Tloc       0%         N/A       94%         3
 Teleport Other           Tloc           0%         N/A       94%         3
 Flame Wave               Conj/Fire      0%         2d4       100%        4
 Leda's Liquefaction      Hex/Erth       0%         N/A       100%        4
 Sticky Flame             Conj/Fire      0%         2d3       100%        4


Dungeon Overview and Level Annotations

Branches:
Dungeon (5/15)
 Temple: D:4-7

Altars:
Vehumet
Yredelemnul

Shops:
D:4 !


Innate Abilities, Weirdness & Mutations

You expend magic power (3 MP) to strengthen your wands.


Message History

The orc warrior hits you but does no damage.
You continue taking off your +0 buckler.
You block the orc warrior's attack. Something hits you but does no damage.
You finish taking off your +0 buckler.
Okay, then.
Okay, then.
There is an open gate here.
The orc warrior hits you from afar with a +0 glaive!
* * * LOW HITPOINT WARNING * * *
Okay, then.
You close the gate.
An orc warrior opens the gate.
i - a +0 battleaxe (weapon)
As you read the scroll labelled QALIBO QIN GOSK, it crumbles to dust.
It is a scroll of identify.
l - 2 scrolls of noise The orc warrior hits you from afar with a +0 glaive!
* * * LOW HITPOINT WARNING * * *
As you read the scroll labelled RAIRPH XEH IHU, it crumbles to dust.
It is a scroll of amnesia.
You feel forgetful for a moment. The orc warrior barely misses you.
As you read the scroll labelled ZOQAEDWUEM, it crumbles to dust.
You feel aware of your surroundings.
You sensed 1 altar.
It was a scroll of revelation.
The orc warrior hits you from afar with a +0 glaive.
* * * LOW HITPOINT WARNING * * *
The orc wizard points at you and mumbles some strange words.
You resist with some effort.
As you read the scroll labelled AGGEYPSABYNK, it crumbles to dust.
It is a scroll of brand weapon.
Your +0 battleaxe becomes incredibly heavy!
i - a +0 heavy battleaxe (weapon)
The orc warrior hits you from afar with a +0 glaive.
* * * LOW HITPOINT WARNING * * *
The orc wizard mumbles some strange words.
The orc wizard flickers and vanishes!
The orc barely misses you.
It was a potion of degeneration.
There was something very wrong with that liquid.
You feel weakened.
You feel dopey.
You feel clumsy.
The orc warrior hits you from afar with a +0 glaive!
You die...

....# .##.#
############### ^##)#
############### ###.#
############### ###.#
############### ....#
############### #####
###.....####### #
###.###.####### ######
###...#@'.##### .....#
###._.#o{.#####
†....#######...#.o.#####
####.##...##.###.#{#####
#..........#.....#o#####
#.##.##>..########o#####
.....############.######
.....# ########o######
#.#### #..o#


You could see an orc warrior and 3 orcs.

Vanquished Creatures
  Sigmund (D:4)
  3 orc warriors (D:5)
  A black bear (D:4)
  2 phantoms (D:5)
  A scorpion (D:3)
  2 hounds (D:5)
  Crazy Yiuf (D:2)
  2 iguanas (D:5)
  An orc wizard (D:5)
  6 adders
  An ufetubus (D:5)
  2 worms
  7 dart slugs
  7 orcs (D:5)
  8 endoplasms
  6 giant cockroaches
  11 goblins
  5 hobgoblins
  4 kobolds
  6 quokkas
  6 ball pythons
  5 bats
  7 frilled lizards
  5 rats
100 creatures vanquished.

Notes
Turn   | Place    | Note
-------+----------+-------------------------------------------
     0 | D:1      | MisterAzrael the Hill Orc Fighter began the quest for the
                  | Orb.
     0 | D:1      | Reached XP level 1. HP: 19/19 MP: 1/1
    52 | D:1      | Reached skill level 3 in Axes
   132 | D:1      | Reached XP level 2. HP: 27/27 MP: 2/2
   448 | D:1      | Found a faded altar of an unknown god.
   507 | D:1      | Reached XP level 3. HP: 31/33 MP: 3/3
  1133 | D:2      | Reached skill level 4 in Axes
  1244 | D:2      | Reached XP level 4. HP: 38/40 MP: 4/4
  1445 | D:2      | Found a runed translucent door.
  1446 | D:2      | Noticed Crazy Yiuf
  1755 | D:2      | Killed Crazy Yiuf
  1756 | D:2      | Reached XP level 5. HP: 47/47 MP: 5/5
  1940 | D:3      | Identified the staff "Enugiduch" {rPois Int+3 Poison}
  1997 | D:3      | Reached skill level 5 in Axes
  2520 | D:4      | Noticed Sigmund
  2536 | D:4      | Killed Sigmund
  2537 | D:4      | Reached skill level 5 in Fighting
  2537 | D:4      | Reached skill level 1 in Throwing
  2537 | D:4      | Reached XP level 6. HP: 45/56 MP: 6/6
  2612 | D:4      | Noticed a black bear
  2624 | D:4      | Killed a black bear
  2625 | D:4      | Reached skill level 6 in Axes
  2625 | D:4      | Reached XP level 7. HP: 52/61 MP: 7/7
  2712 | D:4      | Identified the +5 ring mail of Theory {+Blink Dex+9 Slay-2}
  2802 | D:4      | Found Toruwnal's Distillery.
  2929 | D:4      | Found a basalt altar of Yredelemnul.
  3234 | D:5      | Entered Level 5 of the Dungeon
  3737 | D:5      | Found a radiant altar of Vehumet.
  3804 | D:5      | Found a runed translucent door.
  4127 | D:5      | Reached skill level 5 in Shields
  4128 | D:5      | Reached skill level 1 in Evocations
  4164 | D:5      | Reached skill level 7 in Axes
  4164 | D:5      | Reached skill level 5 in Armour
  4164 | D:5      | Reached XP level 8. HP: 48/70 MP: 8/8
  4175 | D:5      | Gained mutation: You expend magic power (3 MP) to
                  | strengthen your wands. [potion of mutation]
  4181 | D:5      | HP: 1/70 [orc warrior/+0 glaive (7)]
  4233 | D:5      | HP: 1/70 [orc warrior/+0 glaive (4)]
  4234 | D:5      | Mangled by an orc warrior

Illustrated notes

Levels and vault maps discovered:
D:1:      amcnicky_arrival_blooded_trapdoor, layout_loops_corners,
          ebering_ecumenical_altar_webs, st_stairs_2, hangedman_decor_lopped
D:2:      layout_loops_ring, uniq_crazy_yiuf_cottage
D:3:      layout_basic
D:4:      layout_loops_ring, mainiacjoe_overflow_24_doors, serial_shops,
          nicolae_shop_real_fake_doors, uniq_sigmund
D:5:      layout_loops_cross, mainiacjoe_overflow_alcove_4,
          lightli_church_of_beogh

Skill      XL: |  1  2  3  4  5  6  7  8 |
---------------+-------------------------+-----
Axes           | 3 4 5 6 7 |  7.3
Fighting       | 4 5 |  5.8
Armour         | 4 5 |  5.2
Shields        | 4 5 |  5.2
Throwing       | 1 2 3 |  3.3
Evocations     | 1 |  1.6

Action                     |  1- 3 |  4- 6 |  7- 9 || total
---------------------------+-------+-------+-------++-------
  Melee: War axe           |   110 |    98 |   118 ||   326
  Throw: Dart              |       |    12 |     3 ||    15
    Use: Potion            |       |     1 |     9 ||    10
         Scroll            |       |       |     4 ||     4
 Armour: Scale mail        |    57 |    47 |     4 ||   108
         Ring mail         |       |       |    47 ||    47
  Dodge: Dodged            |    61 |    29 |    74 ||   164
  Block: Buckler           |    23 |    21 |    46 ||    90

Table legend: (Time is in decaauts)
 A = Elapsed time spent in this place.
 B = Non-inter-level travel time spent in this place.
 C = Inter-level travel time spent in this place.
 D = Time resting spent in this place.
 E = Time spent auto-exploring this place.
 F = Levels seen in this place.
 G = Mean time per level.
                   A        B        C        D        E       F      G
               +--------+--------+--------+--------+--------+-----+--------+
         Total |   4323 |   4186 |    137 |      0 |   3268 |   5 |  864.6 |
       Dungeon |   4323 |   4186 |    137 |      0 |   3268 |   5 |  864.6 |
               +--------+--------+--------+--------+--------+-----+--------+

Top non-repeatable levels by time:
     D:1: 1034 daAuts
     D:5: 1019 daAuts
     D:2: 837 daAuts
     D:4: 763 daAuts
     D:3: 668 daAuts
